Map: Frozen Temple

Players

MERGER

  • Race: Zerg Zerg
  • League: Silver

IIIIIIIIIIII - Winner!

  • Race: Zerg Zerg
  • League: Platinum

VOD

Have the link to the VOD?

Description

Jenny Korea skill

Time

  • Played on: Sept. 8, 2016, 3 p.m.
  • Length: 16:06
Show
View Real Time Build Order
Export as new Build Order

MERGER Zerg 

Build Orders: Hatch First 

Get SALT Encoding   

  12  0:32  Drone  
  13  0:37  Hatchery, Drone  
  13  0:42  Drone  
  14  0:50  Overlord  
  14  1:09  Spawning Pool  
  13  1:13  Drone  
  13  1:15  Drone  
  15  1:20  Extractor  
  15  1:22  Extractor  
  15  1:24  Drone  
  14  1:28  Drone  
  15  1:37  Drone  
  16  1:49  Drone  
  17  1:55  Queen  
  17  1:57  Zergling x2  
  20  2:03  Zergling x2  
  21  2:11  Zergling x2  
  21  2:12  Zergling x2  
  23  2:27  Zergling x4  
  25  2:30  Extractor  
  25  2:33  Extractor  
  23  2:39  Drone x2  
  23  2:51  Zergling x2  
  23  2:52  Zergling x2  
  23  2:57  Zergling x2  
  22  3:06  Zergling x2  
  22  3:11  Zergling x2  
  21  3:18  Zergling x4  
  20  3:28  Zergling x2  
  21  3:38  Zergling x2  
  22  3:54  Spine Crawler  
  18  4:14  Queen x2  
  22  4:21  Spine Crawler  
  22  4:22  Drone  
  22  4:32  Overlord  
  22  4:45  Drone  
  22  4:46  Drone x2  
  25  5:00  Metabolic Boost  
  25  5:04  Drone x2  
  27  5:21  Zergling x8  
  29  5:28  Overlord  
  31  5:35  Overlord  
  31  5:52  Drone x5  
  36  6:05  Roach Warren  
  36  6:06  Drone  
  36  6:24  Drone x3  
  36  6:25  Drone  
  40  6:26  Drone x2  
  42  6:38  Drone x2  
  44  6:49  Overlord  
  44  7:04  Overlord x2  
  44  7:06  Queen  
  45  7:09  Roach  
  45  7:10  Roach  
  45  7:11  Roach  
  51  7:18  Lair  
  51  7:21  Spore Crawler  
  50  7:31  Roach x2  
  50  7:32  Roach x2  
  50  7:34  Ravager  
  59  7:54  Roach  
  59  7:55  Roach x3  
  67  8:06  Overlord x2  
  59  8:35  Zergling x10  
  60  8:45  Zergling x2  
  61  9:02  Hydralisk Den  
  61  9:04  Drone x4  
  64  9:16  Hatchery, Evolution Chamber  
  62  9:19  Drone x4, Evolution Chamber  
  62  9:21  Spire  
  64  9:24  Queen  
  64  9:25  Queen  
  68  9:40  Ravager  
  68  9:42  Hydralisk x4  
  77  9:51  Hydralisk x2  
  81  10:12  Drone x3  
  84  10:15  Overlord  
  84  10:17  Glial Reconstitution  
  84  10:20  Zerg Missile Weapons Level 1, Zerg Ground Armor Level 1  
  84  10:28  Muscular Augments  
  84  10:34  Mutalisk x4  
  84  10:35  Mutalisk  
  92  10:40  Overlord  
  94  10:51  Overlord  
  94  10:52  Drone x2  
  94  10:55  Drone  
  97  11:14  Drone  
  97  11:15  Drone x4  
  97  11:16  Overlord  
  97  11:17  Overlord  
  102  11:24  Zerg Flyer Weapons Level 1  
  102  11:30  Infestation Pit  
  101  11:55  Hydralisk x2  
  101  11:56  Hydralisk x6  
  101  11:57  Hydralisk  
  119  12:03  Lurker Den  
  119  12:08  Mutalisk x3  
  119  12:15  Extractor  
  124  12:18  Extractor  
  124  12:19  Ravager  
  80  13:14  Zergling x12  
  73  13:27  Hatchery  
  73  13:28  Zergling x4  
  74  13:41  Hydralisk x2  
  74  13:47  Hatchery  
  77  13:56  Zerg Melee Weapons Level 1  
  77  13:58  Lair  
  77  14:06  Extractor, Hydralisk x4  
  84  14:15  Mutalisk  
  84  14:16  Mutalisk  
  88  14:18  Hydralisk  
  90  14:24  Drone  
  91  14:45  Hydralisk x3  
  91  14:46  Hydralisk  
  91  14:51  Drone x2  
  91  14:52  Drone x2  
  103  15:10  Mutalisk  
  103  15:13  Zergling x10  
  110  15:28  Drone x5  
  113  15:29  Drone x3  
  113  15:33  Extractor  
Show
View Real Time Build Order
Export as new Build Order

IIIIIIIIIIII Zerg - Winner!

Build Orders: Pool First 

Get SALT Encoding   

  12  0:02  Drone  
  13  0:21  Extractor  
  13  0:24  Spawning Pool  
  13  0:28  Drone  
  12  0:36  Drone  
  13  0:46  Overlord  
  13  0:51  Drone  
  14  1:15  Zergling x6  
  17  1:23  Metabolic Boost  
  17  1:27  Queen  
  19  1:38  Zergling x2  
  20  1:40  Zergling x2  
  21  2:02  Drone  
  22  2:16  Baneling Nest  
  22  2:17  Zergling x2  
  22  2:21  Overlord  
  22  2:41  Zergling x10  
  26  2:56  Zergling x2  
  25  3:08  Baneling x3  
  25  3:11  Hatchery  
  23  3:13  Zergling x4  
  23  3:26  Baneling  
  21  3:35  Zergling x4  
  17  4:06  Zergling x2  
  17  4:07  Zergling x4  
  19  4:22  Zergling x2  
  19  4:27  Baneling  
  19  4:34  Drone x2  
  19  4:38  Roach Warren  
  20  4:42  Queen  
  20  4:45  Baneling  
  22  4:48  Drone x4  
  26  4:59  Evolution Chamber  
  25  5:09  Drone  
  25  5:10  Drone x2  
  28  5:17  Drone x2  
  30  5:30  Drone x2  
  30  5:31  Drone x2  
  34  5:42  Overlord  
  34  5:45  Overlord  
  34  5:47  Overlord  
  34  6:03  Drone x7  
  41  6:11  Roach  
  41  6:12  Roach  
  41  6:14  Roach  
  41  6:18  Roach  
  49  6:23  Lair  
  49  6:40  Roach  
  49  6:41  Roach x4  
  49  6:43  Overlord  
  49  6:45  Overlord  
  59  6:51  Spore Crawler  
  58  6:55  Spore Crawler, Zerg Missile Weapons Level 1  
  58  7:00  Drone x2  
  59  7:04  Ravager x2  
  61  7:11  Extractor, Zergling x2  
  61  7:12  Zergling x10  
  61  7:13  Drone  
  67  7:22  Ravager  
  68  7:37  Zergling x8  
  68  7:38  Zergling x8  
  76  7:53  Overlord  
  76  7:55  Overlord  
  60  8:34  Roach  
  60  8:35  Roach x10  
  72  8:54  Overseer  
  72  8:59  Ravager  
  73  9:04  Drone x6  
  73  9:05  Drone x3  
  82  9:14  Hatchery  
  81  9:17  Hatchery  
  81  9:23  Extractor  
  79  9:26  Extractor  
  79  9:30  Zerg Missile Weapons Level 2  
  78  9:38  Drone x6  
  82  9:39  Drone x2  
  86  9:52  Hydralisk Den  
  85  9:54  Drone  
  85  9:55  Drone  
  87  10:10  Extractor  
  86  10:17  Drone x6  
  86  10:20  Overlord x4  
  92  10:22  Muscular Augments  
  92  10:34  Ravager  
  92  10:35  Ravager  
  94  10:36  Glial Reconstitution  
  94  10:39  Queen  
  96  10:43  Zergling x16  
  104  11:10  Hydralisk x6  
  104  11:11  Hydralisk x3  
  116  11:13  Zergling x4  
  124  11:22  Extractor  
  123  11:41  Spore Crawler  
  118  11:56  Spore Crawler, Roach x5  
  118  12:01  Overlord x3  
  127  12:05  Spore Crawler  
  126  12:10  Spore Crawler x2, Zerg Ground Armor Level 1  
  126  12:12  Spore Crawler  
  126  12:14  Drone  
  126  12:15  Drone x3  
  127  12:22  Hydralisk  
  127  12:23  Hydralisk x8  
  127  12:26  Zergling x2  
  127  12:27  Zergling x4  
  127  12:29  Zergling x2  
  149  12:30  Zergling x2  
  146  12:53  Zergling x4  
  144  13:03  Lurker Den  
  122  13:10  Hydralisk x6  
  122  13:11  Hydralisk x3  
  122  13:12  Zergling x2  
  103  13:13  Zergling x2  
  74  13:30  Hydralisk x5  
  84  13:52  Overseer  
  84  13:55  Hydralisk  
  84  13:56  Hydralisk x5  
  84  13:58  Zergling x2  
  84  14:01  Drone  
  98  14:25  Overseer  
  98  14:28  Pneumatized Carapace  
  98  14:36  Hydralisk  
  98  14:37  Hydralisk x5  
  110  14:40  Lurker  
  110  14:42  Lurker  
  112  14:50  Lurker  
  113  15:02  Zergling x2  
  113  15:03  Zergling x8  
  118  15:09  Lurker x2, Hatchery  
  118  15:12  Lurker  
  120  15:17  Drone x5  
  120  15:19  Drone  
Tags
 
Add a new tag
Caveats
  • Supply blocks, unpowered buildings, or Contaminate may cause inaccurate times.
  • Supply counts are checked every 10 seconds.